 Dungeon Crawl Stone Soup version 0.30.1-9-gdf580d7c3d (webtiles) character file.

Game seed: 3198225071704013589

203 H0rd4k the Charlatan (level 5, -1/33 HPs)
             Began as an Octopode Artificer on Sept 28, 2023.
             Slain by a kobold brigand
             ... wielding a +0 club
              (10 damage)
             ... in a sewer.
             The game lasted 00:02:25 (2429 turns).

H0rd4k the Charlatan (Octopode Artificer)           Turns: 2429, Time: 00:02:26

Health: -1/33      AC:  1    Str: 11    XL:     5   Next: 81%
Magic:  5/5        EV: 14    Int: 15    God:
Gold:   76         SH:  0    Dex: 13    Spells: 4/4 levels left

rFire   . .          .
                       - Unarmed
rCold   . . .        (no shield)
rNeg    . . .        (helmet restricted)
rPois   .            (no amulet)
rElec   .            (no ring)
rCorr   .            (no ring)
SInv    .            (no ring)
Will    .....        (no ring)
Stlth   +++          (no ring)
HPRegen 0.25/turn    (no ring)
MPRegen 0.09/turn    (no ring)
                     (no ring)

%: no passive effects
@: no status effects
A: almost no armour, amphibious, 8 rings, camouflage 1, gelatinous body 1,
(nimble swimmer 1), tentacles
a: no special abilities


You were in a sewer.
You visited 1 branch of the dungeon, and saw 3 of its levels.
You also visited: Sewer.

You collected 76 gold pieces.

Inventory:

Hand Weapons
 g - a +2 dagger of venom
Missiles
 u - a curare-tipped dart
Wands
 b - a wand of flame (15) (quivered)
 c - a wand of charming (14)
 d - a wand of iceblast (4)
Scrolls
 f - 2 scrolls of fog {unknown}
 l - a scroll of torment {unknown}
 n - a scroll of fear {unknown}
 p - a scroll of vulnerability {unknown}
 q - 2 scrolls of enchant armour {unknown}
 r - a scroll of magic mapping {unknown}
Potions
 a - a potion of mutation {unknown}
 e - a potion of degeneration {unknown}
 h - a potion of attraction {unknown}
 i - a potion of ambrosia {unknown}
 j - 4 potions of heal wounds
 k - a potion of curing {unknown}
 m - 2 potions of invisibility {unknown}
 o - a potion of magic {unknown}
 s - 2 potions of resistance {unknown}
 t - a potion of haste {unknown}


   Skills:
 + Level 1.4 Fighting
 + Level 3.4 Dodging
 - Level 1.3 Stealth
 + Level 3.5 Unarmed Combat
 + Level 4.4 Evocations


You had 4 spell levels left.
You didn't know any spells.
Your spell library contained the following spells:

 Spells                   Type           Power      Damage    Failure   Level
 Magic Dart               Conj           0%         1d3       26%         1
 Searing Ray              Conj           0%         2d4       38%         2
 Summon Guardian Golem    Hex/Summ       0%         N/A       63%         3
 Fulminant Prism          Conj/Hex       0%         3d5       95%         4
 Orb of Destruction       Conj           0%         9d5       100%        7
 Spellforged Servitor     Conj/Summ      0%         N/A       100%        7


Dungeon Overview and Level Annotations

Branches:
Dungeon (3/15)              Sewer (1/1)

Altars:

Shops:
D:2 ?


Innate Abilities, Weirdness & Mutations

You cannot wear most types of armour.
You are amphibious.
You can wear up to eight rings at the same time.
Your skin changes colour to match your surroundings (Stealth+).
Your rubbery body absorbs attacks. (AC +1, EV +1)
((You are camouflaged when in or above water. (Stealth+)))
You have tentacles for arms and can constrict up to eight enemies at once.


Message History

You enter the shallow water.
A kobold brigand comes into view.
It is wielding a +0 club and quivering curare-tipped darts.
The kobold brigand shouts!
Things that are here:
a +0 short sword; a kobold corpse A kobold brigand is nearby!
A kobold brigand is nearby!
The kobold brigand hits you with a +0 club.
You closely miss the kobold brigand. Your grab misses the kobold brigand.
Your squeeze misses the kobold brigand.
The kobold brigand hits you with a +0 club.
You tentacle-slap the kobold brigand. Your grab misses the kobold brigand.
The kobold brigand is moderately wounded.
The kobold brigand hits you with a +0 club.
You bludgeon the kobold brigand! Your grab misses the kobold brigand.
The kobold brigand is heavily wounded.
You tentacle-slap the kobold brigand. Your grab misses the kobold brigand.
The kobold brigand is heavily wounded.
The kobold brigand hits you with a +0 club.
You tentacle-slap the kobold brigand but do no damage.
Your grab misses the kobold brigand.
The kobold brigand is heavily wounded.
The kobold brigand drinks a potion.
The kobold brigand is healed!
You tentacle-slap the kobold brigand. You grab the kobold brigand.
You squeeze the kobold brigand.
The kobold brigand is moderately wounded.
You constrict the kobold brigand, but do no damage.
The kobold brigand hits you with a +0 club!
You tentacle-slap the kobold brigand.
You squeeze the kobold brigand, but do no damage.
The kobold brigand is moderately wounded.
You constrict the kobold brigand.
The kobold brigand hits you with a +0 club.
* * * LOW HITPOINT WARNING * * *
You tentacle-slap the kobold brigand.
You squeeze the kobold brigand, but do no damage.
The kobold brigand is severely wounded.
You constrict the kobold brigand.
The kobold brigand hits you with a +0 club!
You die...

#~..~~####.~...#####~~..~####~
##...## ##.~.## ##..~## ##
##### ##~## ##~## # #~# #~#
#~# #~# ##~## ##~## ##~.~##
##..~## ####~...~#####....~#
......K@~~)~~~.....#
####~..~.#####).).~# ##...##
##..~## ##### #####


You could see a kobold brigand.

Vanquished Creatures
  A kobold brigand (Sewer)
  2 adders (D:2)
  4 river rats
  2 worms
  2 dart slugs (D:1)
  11 bats
  6 endoplasms
  5 giant cockroaches
  3 goblins
  4 hobgoblins
  3 quokkas
  8 ball pythons
  4 frilled lizards
  8 kobolds
  6 rats
69 creatures vanquished.

Vanquished Creatures (collateral kills)
  A worm (D:2)
1 creature vanquished.

Grand Total: 70 creatures vanquished

Notes
Turn   | Place    | Note
-------+----------+-------------------------------------------
     0 | D:1      | H0rd4k the Octopode Artificer began the quest for the Orb.
     0 | D:1      | Reached XP level 1. HP: 13/13 MP: 1/1
   305 | D:1      | Reached XP level 2. HP: 4/18 MP: 2/2
   495 | D:1      | Reached skill level 4 in Evocations
   628 | D:1      | Reached XP level 3. HP: 23/23 MP: 3/3
  1030 | D:2      | Reached skill level 1 in Unarmed Combat
  1063 | D:2      | Found Geseu's Magic Scroll Boutique.
  1314 | D:2      | Reached XP level 4. HP: 9/28 MP: 4/4
  1929 | D:3      | Found a glowing drain.
  1944 | Sewer    | Entered a sewer
  2139 | Sewer    | Reached XP level 5. HP: 24/33 MP: 5/5
  2340 | Sewer    | Noticed a kobold brigand
  2356 | Sewer    | Killed a kobold brigand
  2418 | Sewer    | Noticed a kobold brigand
  2429 | Sewer    | Slain by a kobold brigand

Illustrated notes

Levels and vault maps discovered:
D:1:      lemuel_arrival_hallway, layout_basic
D:2:      layout_basic, serial_shops, shop, kennysheep_generic_room_3
D:3:      layout_loops_corners, gup_sewer_entry_bubbles,
          nicolae_ecumenical_snake_handling, minivault_19, serial_park_tiny_1,
          kennysheep_minor_cross
Sewer:    sewer_co_15_rooms

Skill      XL: |  1  2  3  4  5 |
---------------+----------------+-----
Evocations     | 4 |  4.4
Unarmed Combat | 1 2 3 |  3.5
Dodging        | 3 |  3.4
Fighting       | |  1.4
Stealth        | |  1.3

Action                     |  1- 3 |  4- 6 || total
---------------------------+-------+-------++-------
  Melee: Unarmed           |   114 |    88 ||   202
         Constrict         |    29 |    19 ||    48
         Tentacles         |    29 |    27 ||    56
         Punch             |     2 |       ||     2
  Evoke: Wand              |     1 |     1 ||     2
   Stab: Sleeping          |    14 |     5 ||    19
         Distracted        |       |     2 ||     2
 Armour: Skin              |    18 |       ||    18
  Dodge: Dodged            |    79 |    28 ||   107
